Description

7 Gates Warp Prism Chargelots all-in

This is a PvT or PvZ all-in. It is very fast and powerful build, if not scouted. Very Strong vs Macro play but very Weak vs all-in faster than this one.

Replay - CloudM [3/5] PvT All-in (Serenity BO)

Build Order

Get SALT Encoding   

  12  0:01  Probe  
  13  0:13  Probe  
  14  0:17  Pylon  
  14  0:25  Probe  
  15  0:35  Gateway  
  15  0:37  Probe  
  16  0:44  Assimilator  
  17  0:50  Probe (Chrono Boost)  
  17  1:01  Probe (Chrono Boost)  
  18  1:07  Probe (Chrono Boost)  
  19  1:16  Probe  
  20  1:22  Cybernetics Core  
  20  1:37  Nexus  
  20  1:46  Assimilator  
  21  1:52  Pylon  
  21  1:59  Warp Gate  
  21  2:00  Adept  
  22  2:09  Probe  
  22  2:13  Twilight Council  
  23  2:21  Probe  
  24  2:31  Robotics Facility  
  24  2:33  Probe  
  25  2:45  Charge (Chrono Boost)  
  25  3:05  Gateway x3  
  25  3:17  Gateway  
  25  3:25  Gateway  
  25  3:32  Gateway  
  25  3:39  Warp Prism (Chrono Boost)  
  25  3:48  Zealot  
  29  4:05  Zealot x3  
  35  4:43  Zealot x7  
Spawning Tool Build Advisor. Get it on Overwolf

Analysis

The resources in this build order are very tight.

You need to pull workers off gas after you get enough for the build. It's important to get an adept early to deny the opponent's scouting. The execution needs to be perfect to make it work, otherwise you hit too late and they have too much and defend it. The goal is to hit around 4min45, which is crazy fast!

Go to:

Details

  • Created by: Furis
  • Published on: May 17, 2020
  • Modified on: May 17, 2020
  • Patch: 4.11.0
Show
View Real Time Build Order
Export as new Build Order

Comments (0)

There are no comments. Be the first!

Create an account to comment!